 Dungeon Sprint DCSS version 0.28-a0-863-g8cecda6153 (webtiles) character file.

Game seed: 12990545143332879548

3900000 Turgor the Intangible (level 23, -10/201 HPs)
             Began as a Djinni Ice Elementalist on Nov 16, 2021.
             Was the Champion of Makhleb.
             Mangled by a meat berserker (59 damage)
             ... in the Dungeon (Sprint VIII: "Arena of Blood").
             The game lasted 00:05:07 (39 turns).

Turgor the Intangible (Djinni Ice Elementalist)       Turns: 39, Time: 00:05:09

Health: -10/201    AC:  4    Str:  9    XL:     23   Next: 36%
Gold:   0          EV: 28    Int: 23    God:    Makhleb [******] SH:  0 Dex: 16

rFire   + + .      SeeInvis .   g - +∞ Axe of Woe
rCold   x . .      Faith    .   (shield currently unavailable)
rNeg    . . .      Spirit   .   a - +0 robe
rPois   ∞          Reflect  .   (no helmet)
rElec   .          Harm     .   (no cloak)
rCorr   .          Rampage  .   (no gloves)
Will    ++...      NoTele   +   (boots unavailable)
Stlth   ++++++++++              (no amulet)
HPRegen 0.43/turn               (no ring)
MPRegen 0.00/turn               (no ring)

@: flying
A: sickness immunity, fire resistance 2, cold vulnerability 1, float, innate
caster, hp casting, extra vitality 1
a: Renounce Religion, Minor Destruction, Lesser Servant of Makhleb, Major
Destruction, Greater Servant of Makhleb


You were in the Dungeon.
You worshipped Makhleb.
Makhleb was exalted by your worship.
You visited 1 branch

Inventory:

Hand Weapons
 g - the +∞ Axe of Woe (weapon)
   (You found it in the Dungeon)
Armour
 a - a +0 robe (worn)
Scrolls
 f - a scroll of blinking
Potions
 b - a potion of curing
 c - a potion of heal wounds
 d - a potion of haste
 e - a potion of berserk rage


   Skills:
 O Level 27 Fighting
 O Level 27 Axes
 + Level 18.4(24.8) Maces & Flails
 + Level 18.5(24.8) Polearms
 O Level 27 Armour
 O Level 27 Dodging
 O Level 27 Stealth
 + Level 21.6 Unarmed Combat
 O Level 27 Spellcasting
 O Level 27 Invocations


You had 11 spell levels left.
You knew the following spells:

 Your Spells              Type           Power      Damage    Failure   Level
a - Freeze                Ice            100%       1d11      0%          1
b - Frozen Ramparts       Ice            100%       1d12      0%          3
c - Ozocubu's Armour      Ice            100%       N/A       0%          3
d - Hailstorm             Conj/Ice       100%       3d20      0%          4
e - Apportation           Tloc           100%       N/A       0%          1
f - Blink                 Tloc           100%       N/A       0%          2
g - Dazzling Flash        Conj/Hex       100%       N/A       0%          3
h - Ice Form              Ice/Tmut       100%       N/A       0%          4
i - Summon Forest         Summ/Tloc      50%        N/A       0%          5
j - Yara's Violent Unrav  Hex/Tmut       50%        3d19      0%          5
k - Iron Shot             Conj/Erth      50%        9d10      0%          6
l - Summon Cactus Giant   Summ           50%        N/A       0%          6
m - Spellforged Servitor  Conj/Summ      50%        N/A       0%          7
n - Malign Gateway        Summ/Tloc      50%        N/A       0%          7
o - Ignition              Fire           50%        3d14      1%          8
Your spell library was empty.

Dungeon Overview and Level Annotations

Branches:
Dungeon (1/1)

Altars:
Makhleb


Innate Abilities, Weirdness & Mutations

You are immune to sickness and miasma.
You are immune to poison.
Your flesh is very heat resistant. (rF++)
You are vulnerable to cold. (rC-)
You float through the air rather than walking.
You learn spells naturally, not from books.
Your magical power is your life essence.
You have superior vitality. (+4 HP)


Message History

Spell assigned to 'o'.
Unknown command.
The destroyer shouts!
You hit the meat berserker.
You butcher the meat berserker messily.
You kill the meat berserker!
Makhleb accepts your kill.
You feel better.
You slice the bag of meat!!
You hew the bag of meat savagely.
You kill the bag of meat!
Makhleb accepts your kill.
You are engulfed in blazing flames.
You resist.
You hear a shout! x3
The eight-headed meat hydra calls on the powers of darkness!
The eight-headed meat hydra convulses!
The meat berserker convulses!
Your body is wracked with pain!
The meat berserker convulses!
You hear a shout!
Your base Maces & Flails skill gained 2 levels and is now at level 18!
Your base Polearms skill gained 2 levels and is now at level 18!
Your Unarmed Combat skill gained 2 levels and is now at level 21!
Unknown command.
Unknown command.
You are engulfed in blazing flames.
You resist.
The meat berserker is engulfed in blazing flames.
The meat berserker rages. x2
You hear a shout!
A meat berserker comes into view. It is wielding a +9 battleaxe.
A bag of meat comes into view. It is wielding a +9 war axe.
The meat berserker barely misses you.
The destroyer points at you and mumbles some strange words.
The destroyer blinks!
The eight-headed meat hydra calls on the powers of darkness!
The eight-headed meat hydra convulses!
The bag of meat convulses!
Your body is wracked with pain!
* * * LOW HITPOINT WARNING * * *
The meat berserker convulses! x2
The bag of meat is engulfed in blazing flames.
The bag of meat misses you.
You hear a shout!
The meat berserker is engulfed in blazing flames.
The meat berserker hits you with a +9 battleaxe!!!
You die...

................
....o..o..#.#.D..
....o..O.........
#..§.............
.#...............
O.....o§§........
......Oo☼)§......
#o@§)§..# ..
#.O§O...#
...###...V...###.
.......)###......
#...o...)_)......
......#..)).#....
...V..#_)<._#....
.o....#.....# ...
#........_.......


You could see an eight-headed meat hydra, 2 destroyers, a large bag of meat
(inner flame), 4 meat berserkers and 8 bags of meat.

Vanquished Creatures
  2 vampire knights (D)
  12 ogres (D)
  2 two-headed ogres (D)
  33 orcs (D)
49 creatures vanquished.

Notes
Turn   | Place    | Note
-------+----------+-------------------------------------------
     0 | D        | Found the +∞ Axe of Woe
     0 | D        | Turgor the Djinni Ice Elementalist began the quest for the
                  | Orb.
     0 | D        | Reached XP level 1. HP: 15/15 MP: 0/0
     1 | D        | Noticed a meat berserker
     4 | D        | Became a worshipper of Makhleb the Destroyer
     5 | D        | Noticed a bag of meat
     6 | D        | Killed a meat berserker
     6 | D        | Noticed a bag of meat
     6 | D        | Noticed a bag of meat
     7 | D        | Reached skill level 15 in Fighting
     7 | D        | Reached XP level 2. HP: 43/43 MP: 0/0
     7 | D        | Reached XP level 3. HP: 49/49 MP: 0/0
     7 | D        | Learned a level 1 spell: Apportation
     7 | D        | Reached XP level 4. HP: 55/55 MP: 0/0
     7 | D        | Reached XP level 5. HP: 60/60 MP: 0/0
     7 | D        | Learned a level 2 spell: Blink
     7 | D        | Reached XP level 6. HP: 67/67 MP: 0/0
     7 | D        | Reached XP level 7. HP: 72/72 MP: 0/0
     7 | D        | Learned a level 3 spell: Dazzling Flash
     7 | D        | Reached XP level 8. HP: 78/78 MP: 0/0
     7 | D        | Reached XP level 9. HP: 84/84 MP: 0/0
     7 | D        | Learned a level 4 spell: Ice Form
     7 | D        | Reached XP level 10. HP: 90/90 MP: 0/0
     7 | D        | Reached XP level 11. HP: 95/95 MP: 0/0
     7 | D        | Learned a level 5 spell: Summon Forest
     7 | D        | Reached XP level 12. HP: 102/102 MP: 0/0
     7 | D        | Noticed a bag of meat
     9 | D        | Killed a bag of meat
     9 | D        | Reached * piety under Makhleb
    10 | D        | Reached XP level 13. HP: 110/110 MP: 0/0
    10 | D        | Learned a level 5 spell: Yara's Violent Unravelling
    10 | D        | Killed a bag of meat
    11 | D        | Killed a bag of meat
    11 | D        | Killed a bag of meat
    11 | D        | Reached ** piety under Makhleb
    11 | D        | Noticed a bag of meat
    12 | D        | Reached XP level 14. HP: 121/121 MP: 0/0
    13 | D        | Killed a bag of meat
    13 | D        | Noticed a bag of meat
    14 | D        | Reached skill level 15 in Spellcasting
    15 | D        | Noticed a meat berserker
    15 | D        | Noticed a meat berserker
    16 | D        | Noticed a bag of meat
    16 | D        | Noticed a bag of meat
    17 | D        | Noticed a bag of meat
    17 | D        | Noticed a bag of meat
    17 | D        | Noticed a bag of meat
    17 | D        | Noticed a bag of meat
    17 | D        | Noticed a bag of meat
    17 | D        | Noticed a bag of meat
    18 | D        | Killed a meat berserker
    18 | D        | Killed a meat berserker
    18 | D        | Reached *** piety under Makhleb
    18 | D        | Noticed a meat berserker
    18 | D        | Noticed a bag of meat
    19 | D        | Reached XP level 15. HP: 133/133 MP: 0/0
    19 | D        | Learned a level 6 spell: Iron Shot
    19 | D        | Noticed a meat berserker
    21 | D        | Reached XP level 16. HP: 141/141 MP: 0/0
    21 | D        | Noticed a meat berserker
    21 | D        | Noticed a large bag of meat
    21 | D        | Noticed a meat berserker
    22 | D        | Reached **** piety under Makhleb
    22 | D        | Noticed a meat berserker
    22 | D        | Noticed a meat berserker
    24 | D        | Reached XP level 17. HP: 151/151 MP: 0/0
    24 | D        | Learned a level 6 spell: Summon Cactus Giant
    24 | D        | Killed a meat berserker
    24 | D        | Reached ***** piety under Makhleb
    24 | D        | Noticed a destroyer
    24 | D        | Noticed a meat berserker
    25 | D        | Reached skill level 27 in Axes
    25 | D        | Reached skill level 27 in Dodging
    25 | D        | Reached XP level 18. HP: 107/165 MP: 0/0
    25 | D        | Killed a meat berserker
    26 | D        | Reached skill level 27 in Fighting
    26 | D        | Killed a meat berserker
    26 | D        | Reached ****** piety under Makhleb
    26 | D        | Noticed a large bag of meat
    27 | D        | Reached skill level 15 in Invocations
    27 | D        | Reached XP level 19. HP: 174/174 MP: 0/0
    27 | D        | Learned a level 7 spell: Spellforged Servitor
    27 | D        | Killed a destroyer
    28 | D        | Reached skill level 27 in Spellcasting
    28 | D        | Killed a meat berserker
    28 | D        | Killed a meat berserker
    28 | D        | Noticed a meat berserker
    29 | D        | Reached skill level 27 in Invocations
    29 | D        | Reached skill level 10 in Armour
    29 | D        | Reached skill level 10 in Stealth
    29 | D        | Reached XP level 20. HP: 181/181 MP: 0/0
    29 | D        | Killed a meat berserker
    30 | D        | Reached skill level 15 in Stealth
    31 | D        | Noticed a destroyer
    32 | D        | Reached XP level 21. HP: 187/187 MP: 0/0
    32 | D        | Learned a level 7 spell: Malign Gateway
    32 | D        | Noticed a meat berserker
    32 | D        | Noticed a meat berserker
    33 | D        | Killed a large bag of meat
    33 | D        | Killed a meat berserker
    33 | D        | Noticed a meat berserker
    34 | D        | Reached skill level 27 in Armour
    34 | D        | Killed a large bag of meat
    34 | D        | Noticed an eight-headed meat hydra
    34 | D        | Noticed a meat berserker
    35 | D        | Reached skill level 27 in Stealth
    35 | D        | Reached XP level 22. HP: 181/194 MP: 0/0
    35 | D        | Killed a meat berserker
    35 | D        | Noticed a destroyer
    36 | D        | Reached skill level 15 in Unarmed Combat
    37 | D        | Killed a destroyer
    37 | D        | Noticed a large bag of meat
    37 | D        | Noticed a destroyer
    38 | D        | Reached XP level 23. HP: 164/201 MP: 0/0
    38 | D        | Learned a level 8 spell: Ignition
    39 | D        | Mangled by a meat berserker

Illustrated notes

Levels and vault maps discovered:
D:        meatsprint

Skill      XL: |  1  2  3  4  5  6  7  8  9 10 11 12 13 14 15 16 17 18 19 20 21 22 23 |
---------------+----------------------------------------------------------------------+-----
Fighting       | 15 16 18 21 23 25 27 | 27.0
Axes           | 12 14 18 21 22 24 27 | 27.0
Dodging        | 16 17 20 22 23 25 27 | 27.0
Spellcasting   | 12 13 14 16 17 18 20 25 27 | 27.0
Invocations    | 15 27 | 27.0
Armour         | 10 20 27 | 27.0
Stealth        | 10 19 27 | 27.0
Maces & Flails | 6 16 18 | 18.4
Polearms       | 6 16 18 | 18.5
Unarmed Combat | 8 19 21 | 21.6

Action                   |  1- 3 |  4- 6 |  7- 9 | 10-12 | 13-15 | 16-18 | 19-21 | 22-24 || total
-------------------------+-------+-------+-------+-------+-------+-------+-------+-------++-------
Melee: Executioner's axe |     1 |       |       |     1 |     5 |     5 |     8 |     4 ||    24
Dodge: Dodged            |       |       |       |       |       |       |       |     2 ||     2

Table legend: (Time is in decaauts)
 A = Elapsed time spent in this place.
 B = Non-inter-level travel time spent in this place.
 C = Inter-level travel time spent in this place.
 D = Time resting spent in this place.
 E = Time spent auto-exploring this place.
 F = Levels seen in this place.
 G = Mean time per level.
                   A        B        C        D        E       F      G
               +--------+--------+--------+--------+--------+-----+--------+
         Total |     34 |     34 |      0 |      0 |      0 |   1 |   34.0 |
       Dungeon |     34 |     34 |      0 |      0 |      0 |   1 |   34.0 |
               +--------+--------+--------+--------+--------+-----+--------+

Top non-repeatable levels by time:
       D: 34 daAuts
